 Dungeon Crawl Stone Soup version 0.17.1-1-g73c8601 (webtiles) character file.

356 MirrMurr the Covert (level 6, 0/28 HPs)
             Began as a Spriggan Enchanter on Dec 12, 2015.
             Slain by DrPowerSlam's ghost (13 damage)
             ... on level 4 of the Dungeon.
             The game lasted 00:07:09 (3239 turns).

MirrMurr the Covert (Spriggan Enchanter)            Turns: 3239, Time: 00:07:09

Health: 0/28       AC:  6    Str:  4    XL:     6   Next: 36%
Magic:  12/14      EV: 18    Int: 18    God:
Gold:   203        SH:  0    Dex: 17    Spells: 4 memorised, 5 levels left

rFire  + . .     SeeInvis +     a - +1 dagger
rCold  . . .     Clarity  .     r - +2 robe
rNeg   . . .     SustAt   .     (shield restricted)
rPois  .         Gourm    .     (helmet restricted)
rElec  .         Spirit   .     m - +1 cloak
rCorr  .         Warding  .     (gloves unavailable)
rMut   .         Stasis   .     (boots unavailable)
MR     +....                    (no amulet)
Stlth  +++++.....               n - ring of wizardry
                                e - ring of protection from fire

@: very quick, somewhat resistant to hostile enchantments, quite stealthy
A: unfitting armour, see invisible, herbivore 3, speed 3, slow metabolism 2
a: no special abilities


You were on level 4 of the Dungeon.
You were not hungry.

You visited 1 branch of the dungeon, and saw 4 of its levels.

You collected 203 gold pieces.

Inventory:

Hand Weapons
 a - a +1 dagger (weapon)
 b - a +0 blowgun
Missiles
 c - 8 poisoned needles
 g - 75 stones (quivered)
Armour
 m - a +1 cloak (worn)
 r - a +2 robe (worn)
Jewellery
 e - a ring of protection from fire (left hand)
 n - a ring of wizardry (right hand)
 u - the ring "Uwneim Huse" {rPois rF+ Dex+3, unknown}
   (You found it on level 4 of the Dungeon)

   [ring of poison resistance]

   It affects your dexterity (+3).
   It protects you from fire.
   It protects you from poison.
Scrolls
 i - 2 scrolls of teleportation
 o - a scroll of remove curse
 p - 2 scrolls of fear
Potions
 h - a potion of haste {unknown}
 j - a potion of cancellation {unknown}
 k - 2 potions of magic {unknown}
 l - 2 potions of curing {unknown}
 q - 2 potions of brilliance {unknown}
 s - 2 potions of mutation {unknown}
 t - 2 potions of might {unknown}
 v - a potion of heal wounds {unknown}
Comestibles
 d - 2 bread rations
 f - 7 fruits


   Skills:
 - Level 1.1 Short Blades
 - Level 3.0 Dodging
 * Level 9.8 Stealth
 + Level 4.8 Spellcasting
 - Level 3.6 Hexes


You had 5 spell levels left.
You knew the following spells:

 Your Spells              Type           Power        Failure   Level  Hunger
a - Ensorcelled Hibernat  Hex/Ice        ##....       4%          2    #......
b - Confuse               Hex            ###.....     4%          3    ###....
c - Corona                Hex            ###....      1%          1    None
d - Dazzling Spray        Conj/Hex       ##......     9%          3    ###....


Dungeon Overview and Level Annotations

Branches:
Dungeon (4/15)
 Temple: D:4-7

Altars:
Nemelex Xobeh
Yredelemnul
The Shining One

Annotations:
D:4 DrPowerSlam's ghost, amateur TrMo


Innate Abilities, Weirdness & Mutations

You are tiny and cannot use many weapons and most armour.
You have supernaturally acute eyesight.
You are a herbivore.
You cover ground extremely quickly.
You need consume almost no food.


Message History

You hit DrPowerSlam's ghost but do no damage.
DrPowerSlam's ghost is moderately damaged.
You hit DrPowerSlam's ghost but do no damage.
DrPowerSlam's ghost is moderately damaged.
You hit DrPowerSlam's ghost.
DrPowerSlam's ghost is moderately damaged.
DrPowerSlam's ghost seems less confused.
DrPowerSlam's ghost barely misses you.
You hit DrPowerSlam's ghost but do no damage.
DrPowerSlam's ghost is moderately damaged.
DrPowerSlam's ghost closely misses you. DrPowerSlam's ghost hits you!
Ouch! That really hurt!
You see here a fine iron ring.
u - a fine iron ring You hear the slow rusting of a very distant drain.
You see here a murky blue potion.
v - a murky blue potion DrPowerSlam's ghost hits you!
You die...

#.....#####.####
#..............#
#..............#
....$............#
##+###.........>.#
#...........#
#.####......# +.#
#....W.# #.
#....@.# #.
#......# #......#
#......# ########


You could see DrPowerSlam's ghost.

Vanquished Creatures
  3 wights (D:3)
  A centaur zombie (D:3)
  A hound (D:4)
  A worker ant (D:4)
  An iguana (D:4)
  4 adders
  A gnoll (D:1)
  2 oozes
  2 orcs (D:3)
  7 bats
  3 giant cockroaches
  13 goblins
  6 hobgoblins
  A quokka (D:3)
  A ball python (D:3)
  A ball python skeleton (D:4)
  2 giant geckos
  7 giant newts
  12 kobolds
  5 rats
  A spectral orc (D:2)
75 creatures vanquished.

Vanquished Creatures (others)
  A goblin (D:1)
1 creature vanquished.

Grand Total: 76 creatures vanquished

Notes
Turn   | Place    | Note
--------------------------------------------------------------
     0 | D:1      | MirrMurr the Spriggan Enchanter began the quest for the Orb.
     0 | D:1      | Reached XP level 1. HP: 9/9 MP: 5/5
   186 | D:1      | Reached skill level 5 in Stealth
   363 | D:1      | Reached XP level 2. HP: 11/13 MP: 6/6
   367 | D:1      | Learned a level 2 spell: Ensorcelled Hibernation
   399 | D:1      | Reached skill level 6 in Stealth
  1027 | D:2      | Reached XP level 3. HP: 16/16 MP: 8/8
  1039 | D:2      | Learned a level 3 spell: Confuse
  1306 | D:2      | Reached skill level 7 in Stealth
  1444 | D:2      | Reached XP level 4. HP: 13/21 MP: 9/9
  1449 | D:2      | Learned a level 3 spell: Dazzling Spray
  1760 | D:2      | Found a basalt altar of Yredelemnul.
  1818 | D:3      | Found a sparkling altar of Nemelex Xobeh.
  2114 | D:3      | Reached skill level 8 in Stealth
  2179 | D:3      | Reached XP level 5. HP: 24/24 MP: 11/11
  2709 | D:3      | Found a glowing golden altar of the Shining One.
  2862 | D:3      | Reached skill level 9 in Stealth
  2901 | D:3      | Reached XP level 6. HP: 17/28 MP: 1/13
  3181 | D:4      | Noticed DrPowerSlam's ghost (amateur TrMo)
  3186 | D:4      | Found a glowing golden altar of the Shining One.
  3235 | D:4      | Got a fine iron ring
  3239 | D:4      | Slain by DrPowerSlam's ghost

Action                   |  1- 3 |  4- 6 || total
-------------------------+-------+-------++-------
Melee: Dagger            |   109 |   127 ||   236
 Cast: Confuse           |       |     9 ||     9
       Dazzling Spray    |       |     2 ||     2
  Use: Scroll            |     2 |     6 ||     8
 Stab: Sleeping          |    11 |    20 ||    31
       Distracted        |     2 |       ||     2
       Confused          |       |     4 ||     4
       Invisible         |       |     1 ||     1
  Eat: Pizza             |       |     1 ||     1
